 Dungeon Crawl Stone Soup version 0.30-a0-996-ga6910c8ee8 (webtiles) character file.

Game seed: 5506253366938483359

2202 BlueFish the Sneak (level 9, 0/85 HPs)
             Began as an Octopode Transmuter on Apr 4, 2023.
             Slain by an unseen horror (7 damage)
             ... on level 7 of the Dungeon.
             The game lasted 00:16:19 (6089 turns).

BlueFish the Sneak (Octopode Transmuter)            Turns: 6089, Time: 00:16:19

Health: 0/85       AC:  1    Str: 13      XL:     9   Next: 34%
Magic:  23/23      EV: 18    Int: 22      God:
Gold:   369        SH:  0    Dex:  7 (12) Spells: 5/15 levels left

rFire   . . .      SeeInvis .      - Unarmed
rCold   + . .      Faith    .    (no shield)
rNeg    . . .      Spirit   .    (helmet currently unavailable)
rPois   .          Reflect  .    f - amulet of regeneration
rElec   .          Rampage  .    c - +6 ring of intelligence
rCorr   .                        g - +5 ring of evasion
Will    .....                    j - ring of magical power Stlth
                                 y - ring of protection from cold
HPRegen 1.14/turn                (no ring)
MPRegen 0.18/turn                (no ring)
                                 (no ring)
                                 (no ring)

@: berserking, appendages, very quick
A: tentacle spike 3, almost no armour, amphibious, 8 rings, camouflage 1,
gelatinous body 1, (nimble swimmer 1), tentacles
a: End Transformation


You were on level 7 of the Dungeon.
One of your tentacles had grown a beastly spike.
You visited 2 branches of the dungeon, and saw 8 of its levels.
You also visited: Sewer.

You collected 369 gold pieces.

Inventory:

Missiles
 h - 39 stones (quivered)
 A - 2 boomerangs
 B - 5 poisoned darts
Jewellery
 c - a +6 ring of intelligence (left tentacle)
 f - an amulet of regeneration (around mantle)
 g - a +5 ring of evasion (right tentacle)
 j - a ring of magical power (on tentacle)
 y - a ring of protection from cold (on tentacle)
Wands
 m - a wand of mindburst (18)
Scrolls
 b - a scroll of fear {unknown}
 e - 8 scrolls of teleportation
 o - a scroll of summoning {unknown}
 q - a scroll of acquirement {unknown}
 t - 3 scrolls of blinking {unknown}
 u - a scroll of amnesia
 v - 2 scrolls of noise {unknown}
 x - a scroll of enchant weapon {unknown}
 z - a scroll of silence {unknown}
Potions
 a - a potion of lignification
 d - a potion of berserk rage
 i - a potion of brilliance {unknown}
 k - 7 potions of curing
 l - 2 potions of mutation {unknown}
 n - a potion of heal wounds {unknown}
 p - a potion of magic {unknown}
 r - a potion of invisibility {unknown}
 s - 2 potions of flight {unknown}
 w - a potion of attraction {unknown}
 C - a potion of ambrosia {unknown}


   Skills:
 + Level 3.6 Fighting
 + Level 1.7 Throwing
 + Level 4.1 Dodging
 * Level 7.6 Stealth
 + Level 4.8 Unarmed Combat
 + Level 3.9 Spellcasting
 + Level 4.2 Transmutations
 * Level 2.5 Ice Magic
 + Level 6.0 Poison Magic
 + Level 2.2 Evocations


You had 5 spell levels left.
You knew the following spells:

 Your Spells              Type           Power      Damage    Failure   Level
a - Beastly Appendage     Tmut           46%        N/A       1%          1
b - Wereblood             Tmut           23%        N/A       3%          2
c - Spider Form           Tmut/Pois      27%        N/A       4%          3
d - Ice Form              Ice/Tmut       19%        N/A       28%         4

Your spell library contained the following spells:

 Spells                   Type           Power      Damage    Failure   Level


Dungeon Overview and Level Annotations

Branches:
Dungeon (7/15)             Temple (1/1) D:5           Sewer (visited)

Altars:
Ashenzari
Dithmenos
Elyvilon
Gozag
Hepliaklqana
Kikubaaqudgha
Makhleb
Nemelex Xobeh
Okawaru
Qazlal
Ru
Sif Muna
Trog
Uskayaw
Vehumet
Wu Jian
Xom
Yredelemnul
Zin
The Shining One

Shops:
D:1 ?   D:2 (


Innate Abilities, Weirdness & Mutations

One of your tentacles has grown a beastly spike.
You cannot wear most types of armour.
You are amphibious.
You can wear up to eight rings at the same time.
Your skin changes colour to match your surroundings (Stealth+).
Your rubbery body absorbs attacks. (AC +1, EV +1)
((You are camouflaged when in or above water. (Stealth+)))
You have tentacles for arms and can constrict up to eight enemies at once.


Message History

The quasit barely misses you.
You tentacle-slap the quasit.
You kill the quasit!
Your transformation is almost over.
You enter the deep water.
You enter the shallow water.
Your tentacle spike disappears.
l - 2 puce potions (gained 1)
k - 7 potions of curing (gained 1)
You open the door.
There is an open door here.
Deactivating autopickup; reactivate with Ctrl-A.
You completely miss something. Something hits you. Something hits you!
Casting: Beastly Appendage (safe; 1% risk of failure)
Confirm with . or Enter, or press ? or * to list all spells.
One of your tentacles grows a vicious spike.
Something barely misses you.
You miss something.
Your tentacle spike misses something.
Something hits you!
You swing at nothing.
Something hits you.
You miss something.
Your tentacle spike misses something.
Something hits you. Something hits you!
You closely miss something.
Your tentacle spike misses something.
Something barely misses you.
You swing at nothing.
Something hits you.
You miss something. Something barely misses you.
You swing at nothing.
Something hits you. Something closely misses you.
You barely miss something. Something hits you.
* * * LOW HITPOINT WARNING * * *
Something closely misses you.
You barely miss something.
Your tentacle spike misses something.
Something hits you.
* * * LOW HITPOINT WARNING * * *
A red film seems to cover your vision as you go berserk!
You feel yourself moving faster!
You feel mighty! Something hits you.
* * * LOW HITPOINT WARNING * * *
You miss something. Your squeeze misses something. Something hits you!
* * * LOW HITPOINT WARNING * * *
Something hits you!
You die...

...# ...# # ...# .# ...#
#.# #..# ... ##.# ###.#
#.# #...# #.# #.##### #.#
#..@..#
#.###############'#####.#
#.......................#
#########################


There were no monsters in sight!

Vanquished Creatures
  A steam dragon (D:6)
  A water moccasin (D:6)
  An ice beast (D:7)
  A black bear (D:5)
  3 centaurs
  A phantom (D:5)
  A kobold brigand (D:7)
  A scorpion (D:4)
  A bullfrog (D:7)
  5 wights (D:6)
  2 howler monkeys
  3 hounds
  A jelly (D:5)
  4 quasits
  3 orc priests
  2 sleepcaps
  3 iguanas
  3 orc wizards
  17 adders
  4 river rats
  5 shadow imps
  3 white imps (D:7)
  2 ufetubi (D:7)
  5 worms
  A dart slug (D:2)
  27 orcs
  4 endoplasms
  4 giant cockroaches
  9 goblins
  5 hobgoblins
  6 jackals
  6 quokkas
  11 ball pythons
  6 bats
  6 frilled lizards
  8 kobolds
  11 rats
177 creatures vanquished.

Vanquished Creatures (others)
  An orc (D:6)
  A demonic plant (D:7)
  14 plants
16 creatures vanquished.

Grand Total: 193 creatures vanquished

Notes
Turn   | Place    | Note
-------+----------+-------------------------------------------
     0 | D:1      | BlueFish the Octopode Transmuter began the quest for the
                  | Orb.
     0 | D:1      | Reached XP level 1. HP: 13/13 MP: 3/3
   191 | D:1      | Reached skill level 1 in Stealth
   191 | D:1      | Reached XP level 2. HP: 18/18 MP: 5/5
   201 | D:1      | Learned a level 2 spell: Wereblood
   211 | D:1      | Found Hyxkee's Magic Scroll Emporium.
   603 | D:1      | Reached skill level 2 in Stealth
   847 | D:1      | Reached XP level 3. HP: 23/23 MP: 6/6
   851 | D:1      | Learned a level 3 spell: Spider Form
  1085 | D:2      | Reached skill level 1 in Poison Magic
  1113 | D:2      | Reached XP level 4. HP: 23/28 MP: 7/7
  1275 | D:2      | Found Senoger's Antique Weapon Emporium.
  1580 | D:3      | Reached skill level 3 in Stealth
  1631 | D:3      | Reached XP level 5. HP: 34/34 MP: 8/8
  1655 | D:3      | Found a glowing drain.
  1659 | Sewer    | Entered a sewer
  2297 | D:3      | Reached XP level 6. HP: 39/39 MP: 9/9
  2643 | D:3      | Reached skill level 4 in Stealth
  3470 | D:4      | Reached XP level 7. HP: 36/45 MP: 11/11
  3504 | D:4      | Found a hazy altar of Hepliaklqana.
  3639 | D:5      | Entered Level 5 of the Dungeon
  3760 | D:5      | Reached skill level 5 in Stealth
  4246 | D:5      | Found a staircase to the Ecumenical Temple.
  4264 | D:5      | Reached XP level 8. HP: 47/51 MP: 12/12
  4294 | D:5      | Reached skill level 6 in Stealth
  4599 | Temple   | Entered the Ecumenical Temple
  4819 | D:6      | Learned a level 4 spell: Ice Form
  4920 | D:6      | Reached skill level 5 in Poison Magic
  5215 | D:6      | Reached skill level 1 in Ice Magic
  5284 | D:6      | Reached skill level 1 in Evocations
  5352 | D:6      | Reached skill level 1 in Throwing
  5552 | D:6      | Reached skill level 7 in Stealth
  5585 | D:6      | Reached XP level 9. HP: 34/56 MP: 14/14
  6089 | D:7      | Slain by an unseen horror

Illustrated notes

Levels and vault maps discovered:
D:1:      onia_arrival_mini_spirals, layout_basic, serial_shops, shop,
          minmay_pentomino_s4
D:2:      layout_rooms, serial_shops, nicolae_shop_advertising_works
          [nicolae_subvault_shop_adworks]
D:3:      layout_loops_corners, gup_sewer_entry_spiral
D:4:      layout_loops_ring, nicolae_hepliaklqana_hazy_memory
D:5:      layout_basic, minmay_temple_entry_statues_pillars, uniq_eustachio
D:6:      layout_loops_cross, nicolae_underground_beach
D:7:      layout_rooms, serial_demonic, serial_demonic_f, serial_demonic_a,
          serial_demonic_b, serial_demonic_g, serial_demonic_b,
          serial_demonic_f, minmay_the_grid_2x2 [minmay_the_grid_paths,
          minmay_the_grid_dragon_b, minmay_the_grid_eight,
          minmay_the_grid_prize_diamond_cup]
Temple:   nicolae_temple_bog_church

Skill      XL: |  1  2  3  4  5  6  7  8  9 |
---------------+----------------------------+-----
Stealth        | 1 2 3 4 5 7 |  7.6
Poison Magic   | 1 2 3 4 5 6 |  6.0
Fighting       | 2 3 |  3.6
Transmutations | 3 4 |  4.2
Dodging        | 3 4 |  4.1
Unarmed Combat | 4 |  4.8
Spellcasting   | 3 |  3.9
Ice Magic      | 1 2 |  2.5
Evocations     | 1 2 |  2.2
Throwing       | 1 |  1.7

Action                     |  1- 3 |  4- 6 |  7- 9 || total
---------------------------+-------+-------+-------++-------
  Melee: Unarmed           |    68 |   217 |   279 ||   564
         Constrict         |    17 |    44 |    15 ||    76
         Tentacles         |    14 |    37 |    15 ||    66
         Punch             |     3 |     2 |     3 ||     8
         Kick              |     7 |    20 |    10 ||    37
  Throw: Stone             |       |       |     1 ||     1
   Cast: Beastly Appendage |     3 |     7 |     7 ||    17
         Spider Form       |       |     4 |    19 ||    23
         Wereblood         |       |     1 |       ||     1
         Ice Form          |       |       |     4 ||     4
    Use: Scroll            |       |     4 |     2 ||     6
         Potion            |       |       |     1 ||     1
   Stab: Sleeping          |     8 |    14 |     4 ||    26
 Armour: Skin              |     3 |     4 |    36 ||    43
  Dodge: Dodged            |    69 |   145 |   322 ||   536

Table legend: (Time is in decaauts)
 A = Elapsed time spent in this place.
 B = Non-inter-level travel time spent in this place.
 C = Inter-level travel time spent in this place.
 D = Time resting spent in this place.
 E = Time spent auto-exploring this place.
 F = Levels seen in this place.
 G = Mean time per level.
                   A        B        C        D        E       F      G
               +--------+--------+--------+--------+--------+-----+--------+
         Total |   6048 |   5810 |    238 |    175 |   3982 |   9 |  672.0 |
       Dungeon |   5359 |   5144 |    215 |    171 |   3587 |   7 |  765.6 |
        Temple |    133 |    111 |     22 |      0 |     94 |   1 |  133.0 |
         Sewer |    555 |    555 |      0 |      4 |    301 |   1 |  555.0 |
               +--------+--------+--------+--------+--------+-----+--------+

Top non-repeatable levels by time:
     D:1: 1057 daAuts
     D:6: 1019 daAuts
     D:3: 968 daAuts
     D:5: 894 daAuts
     D:4: 700 daAuts
   Sewer: 555 daAuts
     D:2: 423 daAuts
     D:7: 297 daAuts
  Temple: 133 daAuts
